 Dungeon Crawl Stone Soup version 0.23.1 (webtiles) character file.

Game seed: 16751806261721110256

74 Borgoz the Sneak (level 4, 0/35 HPs)
             Began as a Ghoul Enchanter on Mar 3, 2019.
             Slain by Natasha (1 damage)
             ... on level 2 of the Dungeon.
             The game lasted 00:03:20 (1182 turns).

Borgoz the Sneak (Ghoul Enchanter)                  Turns: 1182, Time: 00:03:21

Health: 0/35       AC:  5    Str: 10 (11) XL:     4   Next: 28%
Magic:  5/5        EV: 10    Int:  9 (10) God:
Gold:   97         SH:  0    Dex: 10      Spells: 5/6 levels left

rFire    . . .     SeeInvis .   a - +1 dagger
rCold    + . .     Gourm    .   (no shield)
rNeg     + + +     Faith    .   k - +0 ring mail
rPois    ∞         Spirit   .   (no helmet)
rElec    .         Reflect  .   (no cloak)
rCorr    .         Harm     .   (no gloves)
MR       .....                  (no boots)
Stlth    ++........             (no amulet)
HPRegen  0.00/turn              (no ring)
MPRegen  0.09/turn              (no ring)

@: very slightly contaminated, rotting, invisible
A: rotting body, claws 1, carnivore, cold resistance 1, negative energy
resistance 3, inhibited regeneration, torment resistance, unbreathing
a: no special abilities


You were on level 2 of the Dungeon.
You were not hungry.

You visited 1 branch of the dungeon, and saw 3 of its levels.

You collected 97 gold pieces.

Inventory:

Hand Weapons
 a - a +1 dagger (weapon)
Missiles
 q - 6 tomahawks (quivered)
Armour
 k - a +0 ring mail (worn)
Wands
 r - a wand of paralysis (8)
Scrolls
 e - 3 scrolls of teleportation {unknown}
 f - 3 scrolls of identify {unknown}
 h - a scroll of magic mapping {unknown}
 i - a scroll of blinking {unknown}
 j - a scroll of enchant armour {unknown}
 l - a scroll of noise {unknown}
 o - a scroll of remove curse {unknown}
 p - a scroll of fog {unknown}
Potions
 n - a potion of cancellation
Comestibles
 d - 7 rations


   Skills:
 + Level 1.1 Fighting
 * Level 2.1 Short Blades
 + Level 0.8 Armour
 * Level 2.6 Dodging
 + Level 3.7 Stealth
 - Level 1.7 Spellcasting
 - Level 2.4 Hexes


You had 5 spell levels left.
You knew the following spells:

 Your Spells              Type           Power        Failure   Level  Hunger
a - Corona                Hex            #......      32%         1    ##.....

Your spell library contained the following spells:

 Spells                   Type           Power        Failure   Level  Hunger
 Ensorcelled Hibernation  Hex/Ice        #.....       63%         2    ###....
 Confuse                  Hex            #.......     69%         3    ####...
 Tukima's Dance           Hex            #.......     69%         3    ####...
 Dazzling Spray           Conj/Hex       #.....       86%         3    ####...


Dungeon Overview and Level Annotations

Branches:
Dungeon (3/15)

Altars:

Annotations:
D:2 Natasha


Innate Abilities, Weirdness & Mutations

Your body is rotting away.
You thrive on raw meat.
You are immune to poison.
You have sharp fingernails.
You are carnivorous and can eat meat at any time.
Your flesh is cold resistant. (rC+)
You are immune to negative energy. (rN+++)
You do not regenerate when monsters are visible.
You are immune to unholy pain and torment.
You can survive without breathing.


Message History

Natasha is heavily wounded.
The crimson imp closely misses you.
Natasha growls.
Natasha closely misses you.
You hit Natasha.
Natasha is severely wounded.
The crimson imp hits you but does no damage.
Natasha barely misses you.
You hit Natasha.
Natasha is severely wounded.
The crimson imp closely misses you.
You closely miss Natasha.
Natasha is severely wounded.
Natasha claws you.
* * * LOW HITPOINT WARNING * * *
The crimson imp barely misses you.
You hit Natasha but do no damage.
Natasha is severely wounded.
Natasha claws you.
You die...

#..........# #........#(##
#........#..# .# ####........##.#
.# #.....)##.## #)## ...#
######......##.####..##...#######
.....'......'....................
######......##.#####.##.#########
#......##.h@5...........
#......#########.#.##### #. ####
######## #...# #. ...# ##..# #.
...####### #..# #. .........#
#..# #. .........#############..#
#. .........#...#.......#..# #.
.........#...#.......#÷.########.


You could see Natasha and a crimson imp.

Vanquished Creatures
  3 adders
  An adder skeleton (D:3)
  A worm (D:3)
  A leopard gecko (D:2)
  3 orcs (D:2)
  2 ball pythons (D:2)
  3 bats (D:1)
  4 giant cockroaches
  3 goblins (D:2)
  4 hobgoblins
  4 kobolds
  10 rats
39 creatures vanquished.

Notes
Turn   | Place    | Note
-------+----------+-------------------------------------------
     0 | D:1      | Borgoz the Ghoul Enchanter began the quest for the Orb.
     0 | D:1      | Reached XP level 1. HP: 14/14 MP: 2/2
    37 | D:1      | Reached skill level 1 in Short Blades
   241 | D:1      | Reached XP level 2. HP: 20/20 MP: 3/3
   288 | D:1      | You fall through a shaft!
   621 | D:2      | Reached XP level 3. HP: 14/27 MP: 4/4
   797 | D:2      | Noticed Natasha
   923 | D:3      | Reached skill level 1 in Fighting
   962 | D:3      | Reached XP level 4. HP: 15/35 MP: 5/5
  1181 | D:2      | HP: 1/35 [Natasha (5)]
  1182 | D:2      | Slain by Natasha

Skill      XL: |  1  2  3 |
---------------+----------+-----
Short Blades   | 1 2 |  2.1
Dodging        | 2 |  2.6
Fighting       | 1 |  1.1
Armour         | |  0.8
Stealth        | |  3.7
Spellcasting   | |  1.7
Hexes          | |  2.4

Action                   |  1- 3 |  4- 6 || total
-------------------------+-------+-------++-------
Melee: Dagger            |   174 |    42 ||   216
  Use: Potion            |       |     4 ||     4
 Stab: Sleeping          |     3 |     1 ||     4
  Eat: Chunk             |    22 |     4 ||    26
Armor: Chain mail        |    15 |       ||    15
       Robe              |    11 |       ||    11
       Ring mail         |    40 |     6 ||    46
Dodge: Dodged            |    97 |    28 ||   125
